 Dungeon Crawl Stone Soup version 0.28-a0-683-ga8797d1ae1 (webtiles) character file.

Game seed: 4389470484148717865

7193 blank1 the Basher (level 10, -2/97 HPs)
             Began as a Minotaur Fighter on Oct 19, 2021.
             Was an Elder of Okawaru.
             Shot with an arrow by a centaur warrior (3 damage)
             ... on level 9 of the Dungeon.
             The game lasted 00:23:34 (9951 turns).

blank1 the Basher (Minotaur Fighter)                Turns: 9951, Time: 00:23:34

Health: -2/97      AC: 15    Str: 24    XL:     10   Next: 87%
Magic:  12/12      EV:  8    Int:  5    God:    Okawaru [****..]
Gold:   619        SH:  0    Dex: 10    Spells: 9/9 levels left

rFire   + . .      SeeInvis .   o - +8 great mace (vorpal)
rCold   + . .      Faith    .   (shield currently unavailable)
rNeg    . . .      Spirit   .   A - +0 plate armour
rPois   +          Reflect  .   (helmet restricted)
rElec   .          Harm     .   g - scarf {rC+ rF+}
rCorr   .          Rampage  .   v - +0 pair of gloves
Will    +....                   (no boots)
Stlth   ..........              (no amulet)
HPRegen 0.26/turn               q - ring of willpower
MPRegen 0.13/turn               h - ring of poison resistance

@: no status effects
A: horns 2, retaliatory headbutt
a: Renounce Religion, Heroism, Finesse


You were on level 9 of the Dungeon.
You worshipped Okawaru.
Okawaru was greatly pleased with you.
You visited 2 branches of the dungeon, and saw 10 of its levels.
You also visited: Sewer.

You collected 619 gold pieces.

Inventory:

Hand Weapons
 o - a +8 vorpal great mace (weapon)
 x - a +0 vorpal flail
Armour
 e - a +0 kite shield
 g - a scarf of resistance (worn)
 v - a +0 pair of gloves (worn)
 A - a +0 plate armour (worn)
 B - a +0 cloak
Jewellery
 h - a ring of poison resistance (right hand)
 q - a ring of willpower (left hand)
 y - a ring of protection from cold
Wands
 b - a wand of acid (3)
 u - a wand of digging (3)
 E - a wand of flame (21)
Scrolls
 a - a scroll of fog
 f - 4 scrolls of enchant weapon
 j - a scroll of fear {unknown}
 l - a scroll of summoning
 m - 2 scrolls of enchant armour
 p - a scroll of blinking {unknown}
 r - 4 scrolls of teleportation
 t - a scroll of brand weapon {unknown}
 z - a scroll of magic mapping {unknown}
Potions
 c - 3 potions of haste
 d - 3 potions of might
 i - 2 potions of flight
 k - 3 potions of mutation
 n - 3 potions of heal wounds {unknown}
 s - a potion of magic
 w - 4 potions of attraction {unknown}
 C - 3 potions of curing
 D - 2 potions of brilliance


   Skills:
 + Level 11.9 Fighting
 + Level 11.9 Maces & Flails
 - Level 9.0 Armour
 - Level 5.0 Dodging
 - Level 5.0 Shields
 - Level 4.0 Invocations


You had 9 spell levels left.
You didn't know any spells.
Your spell library contained the following spells:

 Spells                   Type           Power      Damage    Failure   Level
 Sandblast                Erth           0%         2d4       99%         1
 Ensorcelled Hibernation  Hex/Ice        0%         N/A       100%        2
 Passwall                 Tmut/Erth      0%         N/A       100%        2
 Gell's Gravitas          Tloc           0%         N/A       100%        3
 Lesser Beckoning         Tloc           0%         N/A       100%        3
 Stone Arrow              Conj/Erth      0%         3d7       100%        3
 Teleport Other           Tloc           0%         N/A       100%        3
 Passage of Golubria      Tloc           0%         N/A       100%        4
 Fireball                 Conj/Fire      0%         3d3       100%        5
 Iskenderun's Battlesphe  Conj           0%         2d6       100%        5
 Yara's Violent Unravell  Hex/Tmut       0%         3d3       100%        5
 Conjure Ball Lightning   Conj/Air       0%         3x3d6     100%        6
 Orb of Destruction       Conj           0%         N/A       100%        7
 Tukima's Dance           Hex            Unusable   N/A       N/A         3

Dungeon Overview and Level Annotations

Branches:
Dungeon (9/15)             Temple (1/1) D:5            Lair (0/6) D:8
  Sewer (visited)
    Orc: D:9-12

Altars:
Gozag
Kikubaaqudgha
Okawaru
Qazlal


Innate Abilities, Weirdness & Mutations

You have a pair of horns on your head.
You reflexively headbutt those who attack you in melee.


Message History

The yak gores you. x2
You closely miss the yak.
The yak is heavily wounded.
The centaur shoots an arrow.
The arrow hits you but does no damage. The yak gores you!
You bludgeon the yak!!
You kill the yak!
Okawaru accepts your kill.
The centaur shoots an arrow.
The arrow hits you.
The centaur shoots an arrow.
The arrow barely misses you.
The centaur shoots an arrow.
The arrow barely misses you.
You see here a yak corpse.
A centaur warrior comes into view.
The centaur warrior shouts!
The centaur shoots an arrow.
The arrow hits you.
The centaur warrior wields a +0 longbow.
The centaur warrior shoots an arrow.
The arrow hits you!!
The centaur shoots an arrow.
The arrow hits you.
The centaur warrior shoots an arrow.
The arrow hits you!!
* * * LOW HITPOINT WARNING * * *
You are too injured to fight recklessly!
You are too injured to fight recklessly!
You are too injured to fight recklessly!
You are too injured to fight recklessly!
The centaur shoots an arrow.
The arrow hits you.
* * * LOW HITPOINT WARNING * * *
The centaur warrior shoots an arrow.
The arrow hits you but does no damage.
The centaur shoots an arrow.
The arrow closely misses you.
The centaur warrior shoots an arrow.
The arrow hits you.
* * * LOW HITPOINT WARNING * * *
You see here a yak corpse.
The centaur shoots an arrow.
The arrow hits you.
* * * LOW HITPOINT WARNING * * *
The centaur warrior shoots an arrow.
The arrow hits you!
* * * LOW HITPOINT WARNING * * *
There is a stone staircase leading up here.
The centaur shoots an arrow.
The arrow hits you.
* * * LOW HITPOINT WARNING * * *
The centaur warrior shoots an arrow.
The arrow hits you.
You die...

#≈......# .###≈......#
....≈......#
....≈......#
#....#......#########
#....................
≈≈≈≈≈≈#................>
..........c.$..†........
............c.†@.......
........[[............
#...........#########
#...........#
#...........#
#...........#
#...........#
#...........#
#.[...[.....#


You could see a centaur warrior and a centaur.

Vanquished Creatures
  A two-headed ogre (D:9)
  Pikel (D:8)
  2 trolls
  2 wraiths (D:6)
  4 yaks
  A wyvern (D:9)
  A steam dragon (D:9)
  An acid dragon (D:8)
  3 water moccasins
  Edmund (D:4)
  2 sky beasts
  2 orc warriors
  Purgy (Sewer)
  2 black bears (D:5)
  3 ice beasts
  A necrophage (D:7)
  A wolf (D:8)
  7 centaurs
  An ogre (D:7)
  3 lemures (D:8)
  A kobold brigand (D:9)
  4 bullfrogs
  A scorpion (D:6)
  6 killer bees
  2 electric eels
  8 wights
  2 howler monkeys
  2 centaur zombies (D:9)
  A bullfrog zombie (D:7)
  A jelly (D:6)
  2 orc priests (D:6)
  5 hounds
  2 gnoll shamans
  2 bullfrog skeletons
  3 iguanas
  9 orc wizards
  A killer bee zombie (D:9)
  7 howler monkey zombies
  9 gnolls
  4 adders
  A shadow imp (D:6)
  3 white imps
  2 worms (D:2)
  3 dart slugs
  27 orcs
  9 ball pythons
  9 endoplasms
  5 giant cockroaches
  5 hobgoblins
  3 jackals (D:5)
  2 quokkas (D:5)
  3 bats
  12 frilled lizards
  3 goblins
  10 kobolds
  8 rats
217 creatures vanquished.

Vanquished Creatures (collateral kills)
  An iguana (D:4)
  A dart slug (D:4)
  A ball python (D:4)
  A kobold (D:4)
4 creatures vanquished.

Vanquished Creatures (others)
  A fungus (D:2)
  17 plants (D:7)
  4 toadstools (D:2)
22 creatures vanquished.

Grand Total: 243 creatures vanquished

Notes
Turn   | Place    | Note
-------+----------+-------------------------------------------
     0 | D:1      | blank1 the Minotaur Fighter began the quest for the Orb.
     0 | D:1      | Reached XP level 1. HP: 19/19 MP: 0/0
   379 | D:1      | Reached XP level 2. HP: 27/27 MP: 1/1
   547 | D:1      | Found a faded altar of an unknown god.
   675 | D:1      | Reached skill level 1 in Dodging
   845 | D:1      | Reached XP level 3. HP: 30/33 MP: 2/2
  1132 | D:2      | Reached XP level 4. HP: 40/40 MP: 3/3
  2015 | D:3      | Found a stormy altar of Qazlal.
  2227 | D:3      | Noticed a sky beast
  2245 | D:3      | Killed a sky beast
  2246 | D:3      | Reached skill level 5 in Fighting
  2246 | D:3      | Reached skill level 5 in Maces & Flails
  2246 | D:3      | Reached XP level 5. HP: 22/48 MP: 4/4
  2658 | D:4      | Reached XP level 6. HP: 25/56 MP: 5/5
  2847 | D:4      | Noticed Edmund
  2861 | D:4      | Identified the +1 chain mail "Lukeczeo" {rPois rF+++ Str-2
                  | Dex-4}
  3009 | D:4      | Noticed an ice beast
  3015 | D:4      | Killed an ice beast
  3051 | D:4      | Found a glowing drain.
  3072 | Sewer    | Entered a sewer
  3116 | Sewer    | Noticed Purgy
  3135 | Sewer    | Killed Purgy
  3136 | Sewer    | Reached XP level 7. HP: 58/64 MP: 6/6
  3383 | D:4      | You fall into a shaft and drop 3 floors!
  3495 | D:5      | Entered Level 5 of the Dungeon
  3825 | D:4      | Killed Edmund
  3826 | D:4      | Reached skill level 5 in Armour
  3826 | D:4      | Reached skill level 5 in Shields
  4065 | D:5      | Identified a scroll of acquirement
  4065 | D:5      | Acquired a +8 vorpal great mace
  4327 | D:5      | Found a staircase to the Ecumenical Temple.
  4334 | Temple   | Entered the Ecumenical Temple
  4383 | Temple   | Became a worshipper of Warmaster Okawaru
  4422 | D:5      | Reached XP level 8. HP: 73/73 MP: 7/7
  5133 | D:6      | Reached * piety under Okawaru
  5415 | D:6      | Reached skill level 1 in Invocations
  5813 | D:7      | Reached XP level 9. HP: 81/81 MP: 7/9
  5918 | D:7      | Reached ** piety under Okawaru
  6129 | D:7      | Found an opulent altar of Gozag.
  6336 | D:7      | Reached skill level 5 in Dodging
  6520 | D:7      | You fall into a shaft and drop 1 floor!
  6587 | D:8      | Noticed a troll
  6609 | D:8      | Killed a troll
  6934 | D:7      | Reached *** piety under Okawaru
  7379 | D:8      | Found a staircase to the Lair.
  7734 | D:8      | Reached XP level 10. HP: 91/91 MP: 12/12
  8138 | D:9      | Reached skill level 10 in Fighting
  8138 | D:9      | Reached skill level 10 in Maces & Flails
  8326 | D:9      | Noticed Pikel
  8597 | D:8      | Killed Pikel
  8597 | D:8      | Received a gift from Okawaru
  8597 | D:8      | Reached **** piety under Okawaru
  8809 | D:9      | Noticed a two-headed ogre
  8827 | D:9      | Killed a two-headed ogre
  9946 | D:9      | Noticed a centaur warrior
  9951 | D:9      | HP: 1/97 [centaur/arrow (6)]
  9951 | D:9      | Shot with an arrow by a centaur warrior

Illustrated notes

Levels and vault maps discovered:
D:1:      dpeg_arrival_refuge, layout_loops_corners,
          shapermc_ecumenical_altar_acropolis, nrook_campfire
D:2:      layout_basic, minmay_gold_behind_fungi,
          minmay_randomly_rotated_circles
D:3:      layout_basic, grunt_qazlal_clouds
D:4:      layout_rooms, portal_sewer_entry_c, chequers_serial_rivers_room_a,
          uniq_edmund
D:5:      layout_basic, minmay_temple_entry_junction, minmay_misc_feat_x,
          hangedman_decor_diamond_cutter
D:6:      layout_cave_pools, serial_rivers, chequers_serial_rivers_micro_b,
          chequers_serial_rivers_large_b, chequers_serial_rivers_micro_e,
          chequers_serial_rivers_micro_e, water_boxes_lemuel
D:7:      layout_loops_corners, nicolae_gozag_cash_rules_everything_around_me,
          minmay_misc_feat_four_crosses, hangedman_abyss_or_decor_lesser_grid,
          grunt_decor_cap, serial_bayou_lagoon_a, minivault_10
D:8:      layout_basic, erik_lair_island, minmay_misc_feat_enclosed
D:9:      cheibrodos_ideogram_h, layout_cross, lemuel_doored_altar,
          amcnicky_mini_corridor_feature, uniq_pikel
Temple:   regret_index_temple_generic_petals

Skill      XL: |  1  2  3  4  5  6  7  8  9 10 |
---------------+-------------------------------+-----
Dodging        | 1 2 4 5 |  5.0
Armour         | 4 5 7 9 |  9.0
Fighting       | 4 5 6 7 8 9 11 | 11.9
Shields        | 4 5 |  5.0
Maces & Flails | 3 5 6 7 8 9 11 | 11.9
Invocations    | 1 4 |  4.0

Action                   |  1- 3 |  4- 6 |  7- 9 | 10-12 || total
-------------------------+-------+-------+-------+-------++-------
Melee: Flail             |    61 |   151 |    61 |       ||   273
       Headbutt          |     8 |    27 |    32 |    17 ||    84
       Great mace        |       |       |   152 |    98 ||   250
  Use: Scroll            |       |    10 |     4 |     2 ||    16
Armor: Scale mail        |    26 |    10 |       |       ||    36
       Chain mail        |       |    92 |    53 |       ||   145
       Plate armour      |       |       |    89 |   124 ||   213
Dodge: Dodged            |    19 |    50 |    88 |    83 ||   240
Block: Buckler           |     4 |       |       |       ||     4
       Kite shield       |    16 |    79 |    32 |       ||   127

Table legend: (Time is in decaauts)
 A = Elapsed time spent in this place.
 B = Non-inter-level travel time spent in this place.
 C = Inter-level travel time spent in this place.
 D = Time resting spent in this place.
 E = Time spent auto-exploring this place.
 F = Levels seen in this place.
 G = Mean time per level.
                   A        B        C        D        E       F      G
               +--------+--------+--------+--------+--------+-----+--------+
         Total |  10217 |   9866 |    351 |   2252 |   5688 |  11 |  928.8 |
       Dungeon |   9875 |   9539 |    336 |   2252 |   5487 |   9 | 1097.2 |
        Temple |     66 |     51 |     15 |      0 |     35 |   1 |   66.0 |
         Sewer |    274 |    274 |      0 |      0 |    166 |   1 |  274.0 |
               +--------+--------+--------+--------+--------+-----+--------+

Top non-repeatable levels by time:
     D:8: 2141 daAuts
     D:7: 1259 daAuts
     D:3: 1077 daAuts
     D:1: 967 daAuts
     D:6: 958 daAuts
     D:2: 916 daAuts
     D:9: 909 daAuts
     D:5: 850 daAuts
     D:4: 796 daAuts
   Sewer: 274 daAuts
  Temple: 66 daAuts
